 Dungeon Crawl Stone Soup version 0.30-a0-172-gc5509c9e31 (webtiles) character file.

Game seed: 6698125631701274817

37289 quinnr the Gelid (level 13, -1/138 HPs)
             Began as a Naga Ice Elementalist on Oct 2, 2022.
             Was the Champion of Cheibriados.
             Slain by a fire crab (19 damage)
             ... on level 5 of the Lair of Beasts.
             The game lasted 01:19:51 (17235 turns).

quinnr the Gelid (Naga Ice Elementalist)           Turns: 17235, Time: 01:19:52

Health: -1/138     AC: 16    Str: 25    XL:     13   Next: 95%
Magic:  32/34      EV: 16    Int: 37    God:    Cheibriados [******]
Gold:   858        SH:  0    Dex: 26    Spells: 4/28 levels left

rFire   x . .      SeeInvis +      - Unarmed
rCold   + + +      Faith    .    (shield currently unavailable)
rNeg    . . .      Spirit   .    (body armour currently unavailable)
rPois   +          Reflect  .    (helmet currently unavailable)
rElec   .          Harm     .    (cloak currently unavailable)
rCorr   .          Rampage  .    (gloves currently unavailable)
Will    +....                    (no barding)
Stlth   +++.......               v - amulet of magic regeneration
HPRegen 0.43/turn                Z - ring of wizardry
MPRegen 0.64/turn                M - ring of magical power

@: ice-form, very slow
A: freezing attack, amphibious, boosted hp, AC +4, large, see invisible,
(deformed body), (poison resistance), (slowness 2), spit poison 1, (naga tail 2)
a: Spit Poison, End Transformation, Renounce Religion, Bend Time, Temporal
Distortion, Slouch, Step From Time


You were on level 5 of the Lair of Beasts.
You worshipped Cheibriados.
Cheibriados was exalted by your worship.
You were a creature of crystalline ice.
You visited 3 branches of the dungeon, and saw 16 of its levels.
You also visited: Gauntlet.

You collected 1129 gold pieces.
You spent 271 gold pieces at shops.


Innate Abilities, Weirdness & Mutations

You are a creature of crystalline ice.
You have a powerful freezing melee attack.
You are amphibious.
Your maximum health is increased.
Your armour is entirely melded.
You are incapable of wielding weapons or throwing items.
((Your serpentine skin is tough. (AC +4)))
You have supernaturally acute eyesight. (SInv)
((Armour fits poorly on your strangely shaped body.))
((Your system is resistant to poisons. (rPois)))
((You cover ground very slowly.))
You can spit poison.
((You can use your snake-like lower body to constrict enemies.))


   Skills:
 - Level 7.0 Fighting
 - Level 8.0 Dodging
 - Level 3.0 Stealth
 - Level 4.0 Shields
 - Level 4.0 Unarmed Combat
 - Level 8.0 Spellcasting
 - Level 3.0 Hexes
 - Level 4.0 Summonings
 + Level 5.0 Transmutations
 + Level 16.2 Ice Magic
 - Level 4.0 Evocations


You had 4 spell levels left.
You knew the following spells:

 Your Spells              Type           Power      Damage    Failure   Level
a - Passwall              Tmut/Erth      27%        N/A       1%          2
b - Summon Ice Beast      Ice/Summ       74%        N/A       1%          4
c - Ice Form              Ice/Tmut       75%        N/A       1%          4
e - Ensorcelled Hibernat  Hex/Ice        100%       N/A       1%          2
f - Freeze                Ice            100%       1d11      0%          1
m - Metabolic Englaciati  Hex/Ice        36%        N/A       1%          5
o - Ozocubu's Armour      Ice            94%        N/A       0%          3
r - Frozen Ramparts       Ice            100%       1d16      0%          3

Your spell library contained the following spells:

 Spells                   Type           Power      Damage    Failure   Level
 Beastly Appendage        Tmut           100%       N/A       1%          1
 Foxfire                  Conj/Fire      56%        2x1d6     1%          1
 Magic Dart               Conj           56%        1d5       1%          1
 Sandblast                Erth           28%        2d8       1%          1
 Shock                    Conj/Air       56%        1d6       1%          1
 Slow                     Hex            100%       N/A       1%          1
 Blink                    Tloc           28%        N/A       1%          2
 Call Imp                 Summ           44%        N/A       1%          2
 Momentum Strike          Conj/Tloc      28%        3d8       1%          2
 Wereblood                Tmut           51%        N/A       1%          2
 Confusing Touch          Hex            37%        N/A       1%          3
 Dazzling Flash           Conj/Hex       50%        N/A       1%          3
 Inner Flame              Hex/Fire       25%        N/A       1%          3
 Spider Form              Tmut/Pois      33%        N/A       1%          3
 Lesser Beckoning         Tloc           14%        N/A       3%          3
 Mephitic Cloud           Conj/Pois/Air  14%        N/A       3%          3
 Stone Arrow              Conj/Erth      28%        3d8       3%          3
 Swiftness                Air            14%        N/A       3%          3
 Vampiric Draining        Necr           14%        2d7       3%          3
 Anguish                  Hex/Necr       12%        N/A       6%          4
 Airstrike                Air            7%         2d(1-17)  11%         4
 Animate Dead             Necr           14%        N/A       11%         4
 Flame Wave               Conj/Fire      14%        2d6       11%         4
 Iskenderun's Mystic Bla  Conj/Tloc      14%        2d5       11%         4
 Sticky Flame             Conj/Fire      14%        2d4       11%         4
 Simulacrum               Ice/Necr       33%        N/A       6%          6
 Summon Forest            Summ/Tloc      14%        N/A       13%         5
 Borgnjor's Vile Clutch   Necr/Erth      7%         N/A       28%         5
 Eringya's Noxious Bog    Tmut/Pois      16%        N/A       47%         6
 Starburst                Conj/Fire      7%         6d4       82%         6
 Summon Hydra             Summ           22%        N/A       83%         7
 Haunt                    Necr/Summ      14%        N/A       98%         7
 Borgnjor's Revivificati  Necr           7%         N/A       100%        8
 Infestation              Necr           7%         N/A       100%        8
 Necromutation            Tmut/Necr      16%        N/A       100%        8
 Death's Door             Necr           7%         N/A       100%        9

Inventory:

Hand Weapons
 d - a +1 demon whip of venom
Missiles
 i - 41 poisoned darts
Armour
 g - a +0 buckler
 m - the +1 helmet of Proximity (melded) {+Inv rC+ Str-3}
   (You found it in a Gauntlet)

   Str:       It affects your strength (-3).
   rC:        It protects you from cold.
   +Inv:      It lets you turn invisible.
 n - a +1 leather armour of fire resistance
 x - a +0 pair of gloves (melded)
 D - a +1 cloak (melded)
 F - the +1 robe "Tixteoda" {Harm rC+ rCorr}
   (You bought it in a shop on level 9 of the Dungeon)

   rC:        It protects you from cold.
   rCorr:     It protects you from acid and corrosion.
   Harm:      It increases damage dealt and taken.
 G - the +4 robe "Lynlot" (melded) {Archmagi}
   (You bought it in a shop on level 9 of the Dungeon)

   Archmagi:  It increases the power of your magical spells.
 O - the +1 robe of Depression {rElec rC+}
   (You found it on level 2 of the Lair of Beasts)

   rC:        It protects you from cold.
   rElec:     It insulates you from electricity.
Magical Staves
 a - a staff of conjuration {!a}
 o - a staff of poison {!a}
 w - a staff of death {!a}
Jewellery
 v - an amulet of magic regeneration (around neck)
 C - a ring of ice
 L - a ring of flight
 M - a ring of magical power (right front paw)
 W - a ring of willpower
 Z - a ring of wizardry (left front paw)
Wands
 y - a wand of flame (15)
 A - a wand of paralysis (14)
 B - a wand of roots (18)
 Q - a wand of mindburst (4)
 R - a wand of digging (6)
Scrolls
 e - 19 scrolls of teleportation {@r2}
 k - 4 scrolls of fog
 q - 3 scrolls of amnesia
 s - a scroll of blinking
 u - 3 scrolls of enchant armour
 J - a scroll of poison
 P - a scroll of enchant weapon {unknown}
 T - 2 scrolls of immolation {unknown}
Potions
 b - 2 potions of magic
 c - 3 potions of curing {@q1}
 h - 5 potions of heal wounds {@q2}
 j - 2 potions of resistance
 l - 2 potions of brilliance
 p - 2 potions of flight
 r - a potion of cancellation
 t - a potion of might
 z - 2 potions of mutation
 E - a potion of ambrosia
 K - a potion of lignification
Miscellaneous
 f - a condenser vane
 I - a lightning rod (4/4)
 N - a tin of tremorstones (2/2)

Dungeon Overview and Level Annotations

Branches:
Dungeon (10/15)            Temple (1/1) D:4            Lair (5/5) D:8
 Shoals (0/4) Lair:3       Spider (0/4) Lair:2        Slime (0/5) Lair:5
    Orc (0/2) D:9         Gauntlet (visited)

Altars:
Ashenzari
Cheibriados
Dithmenos
Elyvilon
Fedhas
Gozag
Hepliaklqana
Kikubaaqudgha
Makhleb
Nemelex Xobeh
Okawaru
Qazlal
Ru
Sif Muna
Trog
Uskayaw
Vehumet
Wu Jian
Xom
Yredelemnul
Zin
Jiyva

Shops:
D:2 :   D:5 ?   D:9 [

Annotations:
D:10 2 transporters, greasedhog's ghost, journeyman GrEn

####...P......
.P#..#..........
................
.........................
.......P..................
..........................
......○...................
.......○tY..~..........††.
......Y☼○~~~~............
.....P○○○~~≈~~.~~........
....#....≈≈≈≈~~~≈~.......
.P. #....~≈≈≈~≈≈≈~....#..
## #.....~≈≈≈≈≈≈~..#####
###....≈≈~≈≈~~.###
#....~.~~~.....#
#.P...........##


You could see a fire crab (ally target) and a friendly ice beast (summoned).


Message History

The fire burns you terribly!
Casting: Ice Form (safe; 1% risk of failure)
Confirm with . or Enter, or press ? or * to list all spells.
A chill wind blows around you. The fire crab misses you.
The fire crab claws you but does no damage.
Unknown command.
You hit the fire crab. You freeze the fire crab.
The fire crab is moderately wounded.
The fire crab bites you.
You are engulfed in flames!
The fire burns you terribly! The fire crab completely misses you.
You completely miss the fire crab.
The fire crab is moderately wounded.
Your ice beast hits the fire crab but does no damage.
The fire crab breathes flames at you. The blast of flame engulfs you.
The fire burns you terribly!
You are engulfed in blazing flames.
* * * LOW HITPOINT WARNING * * *
Your ice beast is engulfed in blazing flames.
Your ice beast hits the fire crab but does no damage.
The fire crab bites you!
* * * LOW HITPOINT WARNING * * *
You are engulfed in flames!!
The fire burns you terribly!
* * * LOW HITPOINT WARNING * * *
The fire crab claws you but does no damage.
Your ice beast is engulfed in blazing flames.
Your ice beast hits the fire crab but does no damage.
The fire crab misses you. The fire crab claws you.
* * * LOW HITPOINT WARNING * * *
You are engulfed in flames!!
The fire burns you terribly!
You die...

Skill      XL: |  1  2  3  4  5  6  7  8  9 10 11 12 13 |
---------------+----------------------------------------+-----
Ice Magic      | 5 6 7 9 11 13 15 16 | 16.2
Spellcasting   | 3 4 5 8 |  8.0
Summonings     | 1 2 4 |  4.0
Fighting       | 1 2 4 7 |  7.0
Dodging        | 2 3 7 8 |  8.0
Hexes          | 1 3 |  3.0
Evocations     | 2 4 |  4.0
Transmutations | 4 5 |  5.0
Unarmed Combat | 4 |  4.0
Shields        | 4 |  4.0
Stealth        | |  3.0

Action                   |  1- 3 |  4- 6 |  7- 9 | 10-12 | 13-15 || total
-------------------------+-------+-------+-------+-------+-------++-------
Melee: Unarmed           |    10 |     8 |    23 |   162 |   150 ||   353
       Constrict         |       |       |       |       |     2 ||     2
       Punch             |       |       |       |       |     1 ||     1
 Cast: Freeze            |    50 |    40 |    78 |    84 |    13 ||   265
       Frozen Ramparts   |     8 |    11 |    27 |    63 |    24 ||   133
       Ozocubu's Armour  |       |     1 |    13 |    29 |    15 ||    58
       Summon Ice Beast  |       |     1 |    16 |    37 |    20 ||    74
       Ensorcelled Hiber |       |       |    12 |    35 |     6 ||    53
       Ice Form          |       |       |       |    19 |    17 ||    36
       Metabolic Englaci |       |       |       |     2 |    20 ||    22
Invok: Bend Time         |       |       |     1 |       |       ||     1
 Abil: Spit Poison       |       |     1 |       |       |     1 ||     2
Evoke: Wand              |       |     3 |    17 |     9 |       ||    29
       Lightning rod     |       |       |       |     1 |       ||     1
  Use: Scroll            |       |     2 |     5 |     9 |     5 ||    21
       Potion            |       |     1 |     1 |       |     3 ||     5
 Stab: Distracted        |       |       |     1 |     1 |     3 ||     5
       Sleeping          |       |       |       |     1 |       ||     1
Armor: Robe              |    11 |    26 |    36 |    81 |     5 ||   159
       Skin              |       |       |       |    91 |    88 ||   179
Dodge: Dodged            |    36 |    35 |    73 |   244 |   152 ||   540

Levels and vault maps discovered:
D:1:      dpeg_arrival_round_b, layout_rooms
D:2:      layout_basic, nicolae_shop_vocational
D:3:      minmay_octagon_keep, layout_basic,
          mainiacjoe_overflow_small_starburst,
          ebering_ecumenical_altar_abandoned, kennysheep_potato
D:4:      minmay_clustersquares, layout_cave_pods,
          nicolae_gozag_cash_rules_everything_around_me,
          minmay_temple_entry_trees
D:5:      layout_gridville, serial_co_window_serial, co_window_paths_a,
          co_window_of_opportunity_a, co_window_corner_a, co_window_paths_b,
          co_window_corner_a, co_window_paths_c, co_window_paths_c,
          co_window_broadway_a, co_window_paths_c, serial_shops, shop,
          uniq_grinder
D:6:      layout_cave_pods, okawaru_ov_weapons_minmay, serial_park_tiny_pond
D:7:      layout_cave_pools, uniq_pikel, uniq_menkaure, uniq_joseph, uniq_maggie
D:8:      layout_loops_ring, lemuel_crystal_altar, erik_lair_orcish_takeover,
          kennysheep_generic_room_10
D:9:      wad_statue_garden, layout_basic, serial_shops, nicolae_square_shop,
          minmay_misc_feat_x, uniq_amaemon, uniq_prince_ribbit1
D:10:     minmay_the_grid_triangle_9x9_recursive_2
          [minmay_the_grid_triangle_9x9_prize_special,
          minmay_the_grid_triangle_9x9_alien,
          minmay_the_grid_triangle_9x9_warning,
          minmay_the_grid_triangle_9x9_odd_lines], layout_basic,
          mainiacjoe_overflow_six_doors_small, gammafunk_ghost_berserking_beasts
Temple:   hellmonk_temple_divided_pantheon
Lair:1:   layout_concentric_octagons, lemuel_fruit_tree
Lair:2:   layout_roguey, nicolae_spider_entry_orb_guardian, basic_altar,
          uniq_erica
Lair:3:   layout_misc_corridors, elwin_shoals_entry_rooms,
          chequers_serial_rivers_small_b, minmay_stone_trees_small,
          dreamdust_mushroom_princess, evilmike_ambush
          [evilmike_ambush_outer_corners, evilmike_ambush_inner_basic],
          uniq_josephine
Lair:4:   layout_roguey, gauntlet_entry_generic, st_stairs_11, pf_torpor_hydra
Lair:5:   minmay_lair_end_enchanted_forest, layout_hall_layers, slime_entry_1,
          eino_small_chamber_without_monster, infiniplex_staircase_pool

Notes
Turn   | Place    | Note
-------+----------+-------------------------------------------
     0 | D:1      | quinnr the Naga Ice Elementalist began the quest for the
                  | Orb.
     0 | D:1      | Reached XP level 1. HP: 15/15 MP: 3/3
   249 | D:1      | Reached XP level 2. HP: 22/22 MP: 1/5
   760 | D:2      | Found Nibb's Vocational Training.
   952 | D:2      | Reached XP level 3. HP: 24/28 MP: 4/6
  1061 | D:2      | Reached skill level 5 in Ice Magic
  1150 | D:2      | Learned a level 3 spell: Frozen Ramparts
  2038 | D:3      | Found a faded altar of an unknown god.
  2046 | D:3      | Reached XP level 4. HP: 34/36 MP: 3/7
  2082 | D:3      | Found a hazy altar of Hepliaklqana.
  2563 | D:3      | Reached XP level 5. HP: 42/42 MP: 4/9
  2614 | D:3      | Reached skill level 3 in Spellcasting
  2667 | D:3      | Reached skill level 6 in Ice Magic
  3194 | D:4      | Noticed a water moccasin
  3202 | D:3      | Learned a level 4 spell: Summon Ice Beast
  3211 | D:4      | Killed a water moccasin
  3212 | D:4      | Reached skill level 1 in Summonings
  3212 | D:4      | Reached XP level 6. HP: 48/50 MP: 3/10
  3523 | D:4      | Found an opulent altar of Gozag.
  3537 | D:4      | Reached skill level 1 in Fighting
  3619 | D:4      | Reached skill level 2 in Dodging
  3759 | D:4      | Learned a level 3 spell: Ozocubu's Armour
  3776 | D:4      | Reached XP level 7. HP: 33/57 MP: 2/12
  3787 | D:4      | Reached skill level 2 in Summonings
  3969 | D:4      | Learned a level 2 spell: Ensorcelled Hibernation
  3991 | D:4      | Reached skill level 2 in Fighting
  4079 | D:4      | Reached skill level 7 in Ice Magic
  4128 | D:4      | Reached skill level 1 in Hexes
  4133 | D:4      | Got Sif Muna's Atlas of the Damaging Undead
  4302 | D:4      | Found a staircase to the Ecumenical Temple.
  4372 | Temple   | Entered the Ecumenical Temple
  4372 | Temple   | Found a transporter.
  4372 | Temple   | Found a transporter.
  4374 | Temple   | Found a transporter.
  4374 | Temple   | Found a transporter.
  4398 | Temple   | Became a worshipper of Cheibriados the Contemplative
  4566 | D:4      | Noticed a nameless horror
  4569 | D:4      | Reached skill level 4 in Spellcasting
  4569 | D:4      | Reached XP level 8. HP: 64/67 MP: 0/14
  4580 | D:4      | Killed a nameless horror
  4714 | D:5      | Entered Level 5 of the Dungeon
  4724 | D:5      | Noticed Grinder
  4746 | D:5      | Paralysed by Grinder for 4 turns
  4756 | D:5      | Killed Grinder
  4757 | D:5      | Reached skill level 3 in Dodging
  4757 | D:5      | Reached skill level 2 in Hexes
  4757 | D:5      | Reached skill level 3 in Summonings
  4836 | D:5      | Found Ceng's Magic Scroll Emporium.
  4849 | D:5      | Reached skill level 3 in Hexes
  4852 | D:5      | Reached skill level 4 in Summonings
  4869 | D:5      | Bought a scroll of noise for 11 gold pieces
  4869 | D:5      | Bought a scroll of identify for 22 gold pieces
  4998 | D:5      | Reached skill level 8 in Ice Magic
  5162 | D:5      | Reached * piety under Cheibriados
  5449 | D:5      | You fall into a shaft and drop 3 floors!
  5977 | D:7      | Noticed Joseph
  5989 | D:7      | Killed Joseph
  5990 | D:7      | Reached skill level 9 in Ice Magic
  5990 | D:7      | Reached skill level 2 in Evocations
  5990 | D:7      | Reached XP level 9. HP: 62/73 MP: 13/15
  6143 | D:7      | Noticed Pikel
  6150 | D:7      | Killed Pikel
  6151 | D:7      | Reached skill level 3 in Evocations
  6264 | D:7      | Reached skill level 10 in Ice Magic
  6264 | D:7      | Reached skill level 4 in Evocations
  6271 | D:7      | Noticed Maggie
  6293 | D:7      | Killed Maggie
  6363 | D:7      | Noticed Menkaure
  6369 | D:7      | Killed Menkaure
  6451 | D:7      | Reached skill level 11 in Ice Magic
  6639 | D:7      | Identified 2 potions of resistance
  6728 | D:8      | Found a blossoming altar of Fedhas.
  6784 | D:6      | Found an iron altar of Okawaru.
  6866 | D:6      | Reached ** piety under Cheibriados
  6937 | D:6      | Reached XP level 10. HP: 80/82 MP: 9/16
  7035 | D:6      | Reached skill level 3 in Fighting
  7429 | D:6      | Learned a level 4 spell: Ice Form
  8159 | D:8      | Reached skill level 4 in Fighting
  8233 | D:8      | Found a staircase to the Lair.
  8872 | D:9      | Found a staircase to the Orcish Mines.
  8916 | D:9      | Noticed an unseen horror
  8922 | D:9      | Reached skill level 12 in Ice Magic
  8925 | D:9      | Killed an unseen horror
  8963 | D:9      | Found Isiu's Antique Armour Emporium.
  8972 | D:9      | Bought a dull robe for 119 gold pieces
  8972 | D:9      | Identified the +1 robe "Tixteoda" {Harm rC+ rCorr} (You
                  | bought it in a shop on level 9 of the Dungeon)
  8972 | D:9      | Bought a fine robe for 119 gold pieces
  8972 | D:9      | Identified the +4 robe "Lynlot" {Archmagi} (You bought it
                  | in a shop on level 9 of the Dungeon)
  9074 | D:9      | Noticed an orange demon
  9075 | D:9      | Noticed Prince Ribbit
  9075 | D:9      | Noticed Amaemon
  9079 | D:9      | Killed an orange demon
  9086 | D:9      | Killed Prince Ribbit
  9086 | D:9      | Reached *** piety under Cheibriados
  9092 | D:9      | Killed Amaemon
  9093 | D:9      | Reached skill level 13 in Ice Magic
  9494 | D:10     | Entered Level 10 of the Dungeon
  9560 | D:10     | Reached XP level 11. HP: 86/92 MP: 5/17
  9718 | D:10     | Noticed a moth of wrath
  9759 | D:10     | Found a transporter.
  9760 | D:10     | Noticed a wolf spider
  9764 | D:10     | Noticed greasedhog's ghost (journeyman GrEn)
  9778 | D:10     | Found a transporter.
  9812 | D:10     | Noticed a manticore
  9813 | D:10     | Noticed a wizard
  9820 | D:10     | Killed a wizard
  9821 | D:10     | Reached skill level 1 in Transmutations
  9843 | D:10     | Killed a manticore
  9844 | D:10     | Reached skill level 2 in Transmutations
 10041 | D:10     | Reached **** piety under Cheibriados
 10194 | D:10     | Found a shimmering altar of Xom.
 10405 | D:10     | Noticed a wizard
 10405 | D:10     | Noticed a brown ugly thing
 10406 | D:10     | Killed a wizard
 10407 | D:10     | Reached skill level 4 in Dodging
 10407 | D:10     | Reached skill level 5 in Spellcasting
 10407 | D:10     | Reached skill level 3 in Transmutations
 10412 | D:10     | Identified the ring "Paeh" {Drain rC+ Str+5 SInv}
 10417 | D:10     | Killed a brown ugly thing
 10682 | D:9      | Noticed a two-headed ogre
 10690 | D:9      | Killed a two-headed ogre
 10691 | D:9      | Reached skill level 5 in Dodging
 10691 | D:9      | Reached skill level 4 in Transmutations
 10733 | D:9      | Noticed a six-headed hydra
 10741 | D:9      | Killed a six-headed hydra
 11123 | D:9      | Noticed a boulder beetle
 11196 | D:9      | Reached skill level 6 in Dodging
 11245 | D:9      | Killed a boulder beetle
 11294 | D:9      | Noticed a centaur warrior
 11301 | D:9      | Killed a centaur warrior
 11302 | D:9      | Reached skill level 7 in Dodging
 11433 | D:9      | Identified the +9 plate armour of Disaster {rCorr Stlth+}
 11509 | D:9      | Noticed a rakshasa
 11522 | D:9      | Killed a rakshasa
 11523 | D:9      | Reached XP level 12. HP: 74/99 MP: 9/19
 11761 | Lair:1   | Entered Level 1 of the Lair of Beasts
 11926 | Lair:1   | Reached skill level 8 in Dodging
 11993 | Lair:1   | Reached ***** piety under Cheibriados
 12007 | Lair:1   | Reached skill level 14 in Ice Magic
 12788 | Lair:2   | Identified the +1 robe of Depression {rElec rC+}
 12815 | Lair:2   | Noticed Erica
 12822 | Lair:2   | Killed Erica
 12826 | Lair:2   | Reached skill level 6 in Spellcasting
 13194 | Lair:2   | Found a hole to the Spider Nest.
 13473 | Lair:2   | Found a radiant altar of Vehumet.
 13750 | Lair:3   | Reached skill level 7 in Spellcasting
 13910 | Lair:3   | Reached skill level 15 in Ice Magic
 13959 | Lair:3   | Learned a level 5 spell: Metabolic Englaciation
 14009 | Lair:3   | Noticed Josephine
 14061 | Lair:3   | Killed Josephine
 14135 | Lair:3   | Reached skill level 8 in Spellcasting
 14135 | Lair:3   | Gained mutation: You can use your snake-like lower body to
                  | constrict enemies. [Naga growth]
 14135 | Lair:3   | Reached XP level 13. HP: 105/105 MP: 25/25
 14273 | Lair:3   | Reached skill level 5 in Fighting
 14573 | Lair:3   | Found a staircase to the Shoals.
 14799 | Lair:3   | Reached skill level 1 in Unarmed Combat
 14948 | Lair:4   | Found a gate leading to a gauntlet.
 14965 | Gauntlet | Entered a Gauntlet
 14965 | Gauntlet | Found a transporter.
 14973 | Gauntlet | Found a transporter.
 14974 | Gauntlet | Found a transporter.
 14984 | Gauntlet | Found a transporter.
 14987 | Gauntlet | Found a transporter.
 14996 | Gauntlet | Found a transporter.
 15012 | Gauntlet | Found a transporter.
 15019 | Gauntlet | Noticed an entropy weaver
 15023 | Gauntlet | Found a transporter.
 15025 | Gauntlet | Found a runed translucent door.
 15034 | Gauntlet | Found a transporter.
 15048 | Gauntlet | Found a transporter.
 15061 | Gauntlet | Found a transporter.
 15063 | Gauntlet | Found a transporter.
 15098 | Gauntlet | Found a runed translucent door.
 15103 | Gauntlet | Found a transporter.
 15117 | Gauntlet | Found a transporter.
 15614 | Gauntlet | Reached skill level 2 in Unarmed Combat
 15670 | Gauntlet | Identified the +1 helmet of Proximity {+Inv rC+ Str-3}
 15698 | Gauntlet | Noticed a minotaur
 15712 | Gauntlet | Killed a minotaur
 16021 | Lair:4   | Reached skill level 6 in Fighting
 16245 | Lair:4   | Reached skill level 3 in Unarmed Combat
 16459 | Lair:4   | Found a runed translucent door.
 16640 | Lair:4   | Reached skill level 16 in Ice Magic
 16729 | Lair:5   | Entered Level 5 of the Lair of Beasts
 16795 | Lair:5   | Reached skill level 4 in Unarmed Combat
 16822 | Lair:5   | Reached skill level 1 in Shields
 16849 | Lair:5   | Reached ****** piety under Cheibriados
 16855 | Lair:5   | Reached skill level 2 in Shields
 16860 | Lair:5   | Reached skill level 7 in Fighting
 16866 | Lair:5   | Reached skill level 3 in Shields
 16876 | Lair:5   | Reached skill level 4 in Shields
 16934 | Lair:5   | Found a staircase to the Slime Pits.
 16934 | Lair:5   | Found a viscous altar of Jiyva.
 17060 | Lair:5   | Learned a level 2 spell: Passwall
 17083 | Lair:5   | Reached skill level 5 in Transmutations
 17235 | Lair:5   | Slain by a fire crab

Vanquished Creatures
  A minotaur (Gauntlet)
  A rakshasa (D:9)
  A centaur warrior (D:9)
  2 hydras
  Erica (Lair:2)
  A tengu warrior (Gauntlet)
  A two-headed ogre (D:9)
  Amaemon (D:9)
  Pikel (D:7)
  A wizard (D:10)
  An ugly thing (D:10)
  A guardian serpent (shapeshifter) (D:10)
  10 elephants
  A merfolk siren (Lair:3)
  4 black mambas
  A torpor snail (Lair:4)
  7 cane toads
  5 rime drakes
  4 komodo dragons
  A tengu conjurer (Gauntlet)
  An unseen horror (D:9)
  A burning bush (Lair:3)
  A tyrant leech (Gauntlet)
  2 polar bears (Lair:5)
  2 blink frogs (Lair:5)
  Prince Ribbit (D:9)
  21 yaks
  A wyvern (Lair:2)
  5 wraiths (Lair:3)
  A golden eye (shapeshifter) (D:10)
  A vampire mosquito (D:10)
  2 wargs (D:8)
  4 swamp worms (Gauntlet)
  3 acid dragons
  14 water moccasins
  A nameless horror (D:4)
  An ice beast (D:6)
  2 sky beasts
  5 orc warriors
  A black bear (D:5)
  An ogre (D:5)
  5 centaurs
  6 wolves
  5 kobold brigands
  A gnoll sergeant (D:9)
  9 bullfrogs
  2 scorpions (D:5)
  A necrophage (D:4)
  3 wights (D:4)
  2 killer bees (D:10)
  7 howler monkeys
  2 electric eels
  6 hounds
  A gnoll bouda (D:9)
  3 orc priests
  5 iguanas
  9 orc wizards
  9 adders
  A white imp (D:5)
  An ufetubus (D:6)
  3 worms
  4 dart slugs
  17 orcs
  8 ball pythons
  5 bats
  4 endoplasms
  7 giant cockroaches
  9 goblins
  7 hobgoblins
  4 jackals
  22 kobolds
  5 quokkas
  5 frilled lizards
  6 rats (D:3)
301 creatures vanquished.

Vanquished Creatures (collateral kills)
  Josephine (Lair:3)
  A boulder beetle (D:9)
  A wizard (D:10)
  An orb spider (Lair:2)
  An oklob plant (Gauntlet)
  A manticore (D:10)
  Joseph (D:7)
  4 elephants
  A cane toad (Lair:3)
  Maggie (D:7)
  An orange demon (D:9)
  A burning bush (Lair:3)
  Grinder (D:5)
  3 blink frogs (Lair:5)
  2 yaks
  A basilisk (Lair:3)
  Menkaure (D:7)
  4 orc warriors
  A centaur (D:10)
  3 wolves (Lair:3)
  A lemure (D:7)
  3 bullfrogs
  A wight (D:4)
  A killer bee (D:9)
  2 orc wizards
  A shadow imp (D:7)
  3 white imps
  5 orcs
  4 kobolds (D:9)
52 creatures vanquished.

Vanquished Creatures (others)
  An orc (D:10)
  9 fungi
  21 plants
31 creatures vanquished.

Grand Total: 384 creatures vanquished

Table legend: (Time is in decaauts)
 A = Elapsed time spent in this place.
 B = Non-inter-level travel time spent in this place.
 C = Inter-level travel time spent in this place.
 D = Time resting spent in this place.
 E = Time spent auto-exploring this place.
 F = Levels seen in this place.
 G = Mean time per level.
                   A        B        C        D        E       F      G
               +--------+--------+--------+--------+--------+-----+--------+
         Total |  27165 |  25790 |   1375 |   1549 |  19487 |  17 | 1597.9 |
       Dungeon |  17227 |  16110 |   1117 |   1086 |  12063 |  10 | 1722.7 |
        Temple |     73 |     55 |     18 |      0 |      7 |   1 |   73.0 |
          Lair |   8098 |   7859 |    239 |     39 |   6599 |   5 | 1619.6 |
      Gauntlet |   1765 |   1765 |      0 |    424 |    817 |   1 | 1765.0 |
               +--------+--------+--------+--------+--------+-----+--------+

Top non-repeatable levels by time:
     D:9: 2942 daAuts
  Lair:3: 2248 daAuts
  Lair:1: 2048 daAuts
     D:8: 1917 daAuts
     D:3: 1907 daAuts
     D:4: 1779 daAuts
Gauntlet: 1765 daAuts
     D:6: 1721 daAuts
    D:10: 1682 daAuts
     D:5: 1632 daAuts
  Lair:2: 1541 daAuts
     D:7: 1525 daAuts
  Lair:4: 1492 daAuts
     D:2: 1235 daAuts
     D:1: 882 daAuts

Table legend:
 A = Non-vault XP
 B = Vault XP
 C = Vault XP percentage of total XP
 D = Non-vault monster count
 E = Vault monster count
 F = Vault count percentage of total count
                 A         B        C        D         E       F
            +---------+---------+-------+---------+---------+-------
      Total |   30265 |   23006 |  43.2 |     261 |      90 |  25.6
            +---------+---------+-------+---------+---------+-------
        D:1 |      26 |       0 |   0.0 |      15 |       0 |   0.0
        D:2 |      23 |       0 |   0.0 |      13 |       0 |   0.0
        D:3 |     147 |     110 |  42.8 |      25 |      13 |  34.2
        D:4 |     693 |     232 |  25.1 |      20 |      12 |  37.5
        D:5 |     685 |     272 |  28.4 |      17 |       1 |   5.6
        D:6 |     487 |       0 |   0.0 |       9 |       0 |   0.0
        D:7 |     572 |    1673 |  74.5 |      17 |       4 |  19.0
        D:8 |     619 |     502 |  44.8 |      11 |       6 |  35.3
        D:9 |    1048 |    6493 |  86.1 |      24 |      17 |  41.5
       D:10 |    1677 |    3586 |  68.1 |      18 |      12 |  40.0
     Lair:1 |    2347 |       0 |   0.0 |      15 |       0 |   0.0
     Lair:2 |    2552 |    1497 |  37.0 |      13 |       2 |  13.3
     Lair:3 |    7593 |    3032 |  28.5 |      26 |       9 |  25.7
     Lair:4 |    1477 |    1600 |  52.0 |       4 |       3 |  42.9
     Lair:5 |   10319 |       0 |   0.0 |      34 |       0 |   0.0
   Gauntlet |       0 |    4009 | 100.0 |       0 |      11 | 100.0
            +---------+---------+-------+---------+---------+-------
